 Dungeon Crawl Stone Soup version 0.17-a0-1719-g1afd5a1 (webtiles) character file.

98 HenryFlower the Changer (level 4, -2/28 HPs)
             Began as an Octopode Transmuter on Aug 28, 2015.
             Slain by a kobold
             ... wielding a +0 club
              (7 damage)
             ... on level 1 of the Dungeon.
             The game lasted 00:08:18 (2489 turns).

HenryFlower the Changer (Octopode Transmuter)       Turns: 2489, Time: 00:08:18

Health: -2/28      AC:  1    Str:  9    XL:     4   Next: 71%
Magic:  5/7        EV: 12    Int: 16    God:
Gold:   33         SH:  0    Dex: 12    Spells: 3 memorised, 1 level left

rFire  . . .     SeeInvis .       - Unarmed
rCold  . . .     Clarity  .     (no shield)
rNeg   . . .     SustAt   .     (helmet restricted)
rPois  .         Gourm    .     o - amulet of faith
rElec  .         Spirit   .     (no ring)
rCorr  .         Warding  .     (no ring)
rMut   .         Stasis   .     (no ring)
MR     .....                    (no ring)
Stlth  ++........               (no ring)
                                (no ring)
                                (no ring)
                                (no ring)

@: appendage, very slightly contaminated, not resistant to hostile enchantments,
unstealthy
A: almost no armour, amphibious, 8 rings, constrict 8, tentacle spike 3,
camouflage 1, gelatinous body 1
a: End Transformation


You were on level 1 of the Dungeon.
You were not hungry.
One of your tentacles had a temporary spike.
You visited 1 branch of the dungeon, and saw 2 of its levels.

You collected 33 gold pieces.

Inventory:

Missiles
 a - 29 arrows
 e - 28 stones (quivered)
 m - 14 arrows of dispersal
Jewellery
 o - an amulet of faith (around mantle)
Scrolls
 d - 2 scrolls of remove curse {unknown}
 f - a scroll of random uselessness {unknown}
 i - 2 scrolls of fog {unknown}
 j - 2 scrolls of identify {unknown}
 p - a scroll of magic mapping {unknown}
 q - a scroll of amnesia {unknown}
Potions
 k - a potion of might {unknown}
 l - a potion of brilliance {unknown}
Books
 b - a book of Changes

   Spells                             Type                      Level
   a - Beastly Appendage              Transmutation                1
   b - Sticks to Snakes               Transmutation                2
   c - Spider Form                    Transmutation/Poison         3
   d - Ice Form                       Ice/Transmutation            4
   e - Blade Hands                    Transmutation                5
Comestibles
 c - 3 bread rations
 g - a chunk of flesh
 h - a meat ration
 n - a beef jerky


   Skills:
 - Level 1.0 Fighting
 - Level 2.0 Dodging
 - Level 3.0 Unarmed Combat
 - Level 2.0 Spellcasting
 + Level 4.7 Transmutations


You had one spell level left.
You knew the following spells:

 Your Spells              Type           Power        Failure   Level  Hunger
a - Beastly Appendage     Trmt           ###...       3%          1    #......
b - Sticks to Snakes      Trmt           ###.......   6%          2    ###....
c - Spider Form           Trmt/Pois      #.........   28%         3    ###....


Dungeon Overview and Level Annotations

Branches:
Dungeon (2/15)

Altars:
Dithmenos
Okawaru


Innate Abilities, Weirdness & Mutations

You cannot wear most types of armour.
You are amphibious.
You can wear up to eight rings at the same time.
You can use your tentacles to constrict eight enemies at once.
Your skin changes colour to match your surroundings (Stealth).
Your rubbery body absorbs attacks (AC +1).
One of your tentacles bears a large vicious spike.


Message History

A goblin comes into view. It is wielding a club.
Casting: Beastly Appendage
Confirm with . or Enter, or press ? or * to list all spells.
You miscast Beastly Appendage.
You are very lightly contaminated with residual magic.
Waves of light ripple over your body.
The goblin shouts!
Casting: Beastly Appendage
Confirm with . or Enter, or press ? or * to list all spells.
One of your tentacles grows a vicious spike.
The kobold closely misses you.
You tentacle-slap the kobold but do no damage.
Your grab misses the kobold.
Your tentacle spike misses the kobold.
The kobold hits you with a club.
* * * LOW HITPOINT WARNING * * *
You tentacle-slap the kobold. You grab the kobold.
The kobold is heavily wounded.
You constrict the kobold, but do no damage.
The kobold hits you with a club!
You die...

######......##....##.##)##
###..####.##...###....#
#...## #.......#...#####
#### ##.###
##............... ...##
#..# #####.###)K..###....
##..# #.#####.........).##
#####
###.####.......#..####...#
......#....#####K##
###..###### ⌠⌠⌠.8.#....#
###@# #.........#
......#....###...#
#.........#
≈≈≈≈≈≈#....##..###
#.........#
≈≈≈≈≈≈#....##g##
#.........#
≈≈≈≈≈≈#....#...##
#.........#
≈≈≈≈≈≈#####.....#
#.........# ≈≈≈≈≈≈#
#.....# #.........#
≈≈≈≈≈≈# #.....#
#.........# ≈≈≈≈≈≈#
#.>...# ###########


You could see a goblin and a kobold.

Vanquished Creatures
  3 adders
  An ooze (D:1)
  A worm (D:2)
  A giant gecko (D:1)
  5 orcs (D:2)
  A ball python (D:1)
  5 bats
  3 giant cockroaches
  7 goblins
  5 hobgoblins
  7 jackals
  8 kobolds
  A giant newt (D:1)
  8 rats
56 creatures vanquished.

Notes
Turn   | Place    | Note
--------------------------------------------------------------
     0 | D:1      | HenryFlower the Octopode Transmuter began the quest for the Orb.
     0 | D:1      | Reached XP level 1. HP: 13/13 MP: 3/3
   381 | D:1      | Reached XP level 2. HP: 18/18 MP: 5/5
   984 | D:1      | Reached XP level 3. HP: 14/23 MP: 4/6
  1232 | D:1      | Learned a level 2 spell: Sticks to Snakes
  1236 | D:1      | Learned a level 3 spell: Spider Form
  1712 | D:2      | Reached skill level 4 in Transmutations
  1720 | D:2      | Reached XP level 4. HP: 23/28 MP: 5/7
  1915 | D:2      | Found an iron altar of Okawaru.
  2127 | D:2      | Found a shadowy altar of Dithmenos.
  2489 | D:1      | Slain by a kobold

Vault maps used:
D:1:      zaba_arrival_water, grunt_decor_resistance
D:2:      okawaru_altar_gauntlet_db, first_bread, grunt_dithmenos_smoke

Action                   |  1- 3 |  4- 6 || total
-------------------------+-------+-------++-------
Melee: Unarmed           |    76 |    49 ||   125
Throw: Stone             |    28 |     2 ||    30
 Cast: Beastly Appendage |    12 |     5 ||    17
       Spider Form       |       |     2 ||     2
 Stab: Sleeping          |     2 |       ||     2
  Eat: Chunk             |     3 |     3 ||     6
